 Dungeon Crawl Stone Soup version 0.16-a0-3253-g5709529 (webtiles) character file.

90 Ololoev the Changer (level 4, -1/28 HPs)
             Began as an Octopode Transmuter on Dec 23, 2014.
             Slain by an orc
             ... wielding a +0 short sword
              (5 damage)
             ... on level 2 of the Dungeon.
             The game lasted 00:05:03 (1626 turns).

Ololoev the Changer (Octopode Transmuter)           Turns: 1626, Time: 00:05:04

Health: -1/28      AC:  3    Str: 10    XL:     4   Next: 56%
Magic:  0/7        EV: 12    Int: 15    God:
Gold:   78         SH:  0    Dex: 12    Spells: 2 memorised, 3 levels left

rFire  . . .     SeeInvis .       - Unarmed
rCold  . . .     Clarity  .     (no shield)
rNeg   . . .     SustAb   .     (helmet restricted)
rPois  .         Gourm    .     (no amulet)
rElec  .         Spirit   .     e - +2 ring of protection
rCorr  .         Warding  .     l - ring of stealth
rMut   .         Stasis   .     (no ring)
MR     .....                    (no ring)
Stlth  +++.......               (no ring)
                                (no ring)
                                (no ring)
                                (no ring)

@: very slightly contaminated, not resistant to hostile enchantments, fairly
stealthy
A: almost no armour, amphibious, 8 rings, constrict 8, camouflage 1, gelatinous
body 1
a: no special abilities


You were on level 2 of the Dungeon.
You were not hungry.

You visited 1 branch of the dungeon, and saw 3 of its levels.

You collected 78 gold pieces.

Notes
Turn   | Place    | Note
--------------------------------------------------------------
     0 | D:1      | Ololoev, the Octopode Transmuter, began the quest for the Orb.
     0 | D:1      | Reached XP level 1. HP: 13/13 MP: 3/3
   210 | D:1      | Reached XP level 2. HP: 18/18 MP: 4/4
   908 | D:2      | Reached XP level 3. HP: 15/23 MP: 6/6
  1160 | D:2      | Learned a level 3 spell: Spider Form
  1461 | D:2      | Reached XP level 4. HP: 28/28 MP: 0/7
  1470 | D:2      | Reached skill level 4 in Transmutations
  1626 | D:2      | Slain by an orc

Inventory:

Missiles
 b - 12 arrows
Jewellery
 e - a +2 ring of protection (left tentacle)
 l - a ring of stealth (right tentacle)
Scrolls
 f - 4 scrolls of remove curse {unknown}
 j - 2 scrolls of fog {unknown}
 o - 2 scrolls of teleportation {unknown}
 p - a scroll of immolation {unknown}
 q - a scroll of amnesia {unknown}
 r - a scroll of noise {unknown}
 s - a scroll of blinking {unknown}
Potions
 g - a potion of heal wounds {unknown}
 h - a potion of ambrosia {unknown}
 i - a potion of agility {unknown}
 k - 2 potions of curing {unknown}
 m - a potion of brilliance {unknown}
Books
 d - a book of Changes

   Spells                             Type                      Level
   a - Beastly Appendage              Transmutation                1
   b - Sticks to Snakes               Transmutation                2
   c - Spider Form                    Transmutation/Poison         3
   d - Ice Form                       Ice/Transmutation            4
   e - Blade Hands                    Transmutation                5
Comestibles
 a - 3 bread rations
 c - 4 beef jerkies
 n - a meat ration

Table legend:
 A = Turns spent in this place as a percentage of turns spent in the entire game.
 B = Non-inter-level travel turns spent in this place as a percentage of non-inter-level travel turns spent in the entire game.
 C = Inter-level travel turns spent in this place as a percentage of turns spent in this place.
 D = Turns resting spent in this place as a percentage of non-inter-level travel turns spent in this place.
 E = Turns spent auto-exploring this place as a percentage of non-inter-level travel turns spent in this place.
 F = Non-inter-level travel turns spent in this place divided by the number of levels of this place that you've seen.
                   A       B       C       D       E      F
               +-------+-------+-------+-------+-------+----------------------
         Total | 100.0 | 100.0 |   0.6 |   3.1 |  20.5 | 118.7
       Dungeon | 100.0 | 100.0 |   0.6 |   3.1 |  20.5 | 118.7
               +-------+-------+-------+-------+-------+----------------------


   Skills:
 - Level 1.0 Fighting
 - Level 2.0 Dodging
 + Level 3.7 Unarmed Combat
 - Level 2.0 Spellcasting
 * Level 4.0 Transmutations


You had 3 spell levels left.
You knew the following spells:

 Your Spells              Type           Power        Failure   Level  Hunger
a - Beastly Appendage     Trmt           ##....       4%          1    #......
b - Spider Form           Trmt/Pois      #.........   30%         3    ###....


Dungeon Overview and Level Annotations

Branches:
Dungeon (3/15)

Altars:


Innate Abilities, Weirdness & Mutations

You cannot wear most types of armour.
You are amphibious.
You can wear up to eight rings at the same time.
You can use your tentacles to constrict many enemies at once.
Your skin changes colour to match your surroundings (Stealth).
Your rubbery body absorbs attacks (AC +1).


Message History

You see here a worm corpse.
You butcher the worm corpse.
t - a chunk of flesh Eating a chunk of flesh.
This raw flesh tastes terrible.
You continue eating.
Your transformation has ended.
You continue eating.
Done exploring.
Done exploring.
(D) Dungeon
Where to? (Enter - D:2, ? - help)
What level of the Dungeon? (default 1, ? - help)
There is a stone staircase leading down here.
You climb downwards.
A kobold, 3 orcs and 2 orc wizards come into view.
The orc shouts!
The orc wizard shouts!
The orc shouts!
The kobold shouts!
Found a large shield, 7 needles of slowing and 12 gold pieces.
There is a stone staircase leading up here.
The orc hits you with a short sword!
The orc wizard points at you and mumbles some strange words.
The magic dart hits you!
You climb upwards.
There is a stone staircase leading down here.
Press: ? - help, v - describe, . - travel
Here: an orc, wielding a short sword and wearing a ring mail The floor.
Casting: Spider Form
Confirm with . or Enter, or press ? or * to list all spells.
You miscast Spider Form.
You are very lightly contaminated with residual magic.
You feel sick.
Casting: Spider Form
Confirm with . or Enter, or press ? or * to list all spells.
You miscast Spider Form.
You feel slightly ill. The orc hits you with a short sword.
You tentacle-slap the orc but do no damage.
You grab the orc.
You constrict the orc, but do no damage.
The orc hits you with a short sword.
You die...

##### #...# #...#
#...# #...#
#...#########
#...#.......#######
#.@.......[........
#..o#....#..##....#
##..#....#..##.##.#
#..#....#..##.##.#
#..#.#........##.#
####....)............
#......##..#..#.#####
#.####........#.#
#...####.#.#.##.#


You could see an orc.

Table legend:
 A = Kills in this place as a percentage of kills in entire the game.
 B = Kills by you in this place as a percentage of kills by you in the entire game.
 C = Kills by friends in this place as a percentage of kills by friends in the entire game.
 D = Other kills in this place as a percentage of other kills in the entire game.
 E = Experience gained in this place as a percentage of experience gained in the entire game.
 F = Experience gained in this place divided by the number of levels of this place that you have seen.
                   A       B       C       D       E      F
               +-------+-------+-------+-------+-------+----------------------
         Total | 100.0 | 100.0 |  -nan |  -nan | 100.0 |  43.0
       Dungeon | 100.0 | 100.0 |  -nan |  -nan | 100.0 |  43.0
               +-------+-------+-------+-------+-------+----------------------

Vanquished Creatures
  3 gnolls (D:2)
  2 adders (D:2)
  A worm (D:2)
  An ooze (D:2)
  3 giant cockroaches (D:2)
  3 hobgoblins (D:1)
  10 kobolds
  6 bats
  A giant gecko (D:1)
  4 giant newts (D:1)
  2 goblins (D:2)
  3 rats
39 creatures vanquished.

Action                   |  1- 3 |  4- 6 || total
-------------------------+-------+-------++-------
Melee: Unarmed           |    73 |    14 ||    87
 Cast: Beastly Appendage |     2 |     1 ||     3
       Spider Form       |     1 |     1 ||     2
 Stab: Sleeping          |     9 |       ||     9
  Eat: Chunk             |     1 |     2 ||     3

Vault maps used:
D:1:      sevenhm_arrival_forest_fort_large_3
D:2:      hex_intersection
D:3:      first_bread
